 Dungeon Crawl Stone Soup version 0.28-a0-1510-gd0f6b136d3 (webtiles) character file.

Game seed: 7107990427195225460

1388 avis the Ruffian (level 8, -3/72 HPs)
             Began as a Deep Dwarf Transmuter on Jan 15, 2022.
             Was an Initiate of Makhleb.
             Slain by an orc knight (24 damage)
             ... in a bailey.
             The game lasted 00:49:31 (6795 turns).

avis the Ruffian (Deep Dwarf Transmuter)            Turns: 6795, Time: 00:49:31

Health: -3/72      AC:  6    Str: 15    XL:     8   Next: 40%
Magic:  5/8        EV: 20    Int: 15    God:    Makhleb [......]
Gold:   253        SH:  0    Dex: 18    Spells: 2/13 levels left

rFire   . . .      SeeInvis .     - Unarmed
rCold   . . .      Faith    +   (shield currently unavailable)
rNeg    . . .      Spirit   .   (armour currently unavailable)
rPois   x          Reflect  .   (helmet currently unavailable)
rElec   .          Harm     .   (cloak currently unavailable)
rCorr   .          Rampage  .   (gloves currently unavailable)
Will    +....                   (boots currently unavailable)
Stlth   ++........              q - amulet of faith
HPRegen 0.00/turn               d - +4 ring of protection
MPRegen 0.11/turn               K - +4 ring of slaying

@: spider-form
A: venomous fangs, damage resistance, heal wounds, tiny, sense surroundings 1,
no regeneration
a: Heal Wounds, End Transformation, Renounce Religion


You were in a bailey.
You worshipped Makhleb.
Makhleb was noncommittal.
You were a venomous arachnid creature.
You visited 2 branches of the dungeon, and saw 8 of its levels.
You also visited: Bailey.

You collected 307 gold pieces.
You spent 54 gold pieces at shops.

Inventory:

Hand Weapons
 b - a +1 shortbow of freezing (melded)
Missiles
 s - 15 boomerangs
 t - 11 poisoned darts
 w - 3 throwing nets
 H - 4 javelins
 J - 16 arrows
 M - 3 boomerangs of dispersal
Armour
 N - a +2 leather armour of fire resistance (melded)
Jewellery
 a - a ring of willpower
 d - a +4 ring of protection (left front leg)
 q - an amulet of faith (around neck)
 E - a +6 ring of strength
 K - a +4 ring of slaying (right front leg)
Wands
 G - a wand of digging (5)
 L - a wand of flame (17)
Scrolls
 e - a scroll of noise {unknown}
 i - 3 scrolls of teleportation
 r - 2 scrolls of vulnerability
 u - 3 scrolls of fog
 y - a scroll of amnesia
 z - a scroll of fear
Potions
 f - a potion of might {unknown}
 h - 3 potions of heal wounds
 j - 2 potions of ambrosia
 n - 4 potions of curing
 o - a potion of haste {unknown}
 p - a potion of lignification {unknown}
 v - a potion of degeneration {unknown}
 F - a potion of flight


   Skills:
 - Level 4.0 Fighting
 - Level 3.0 Dodging
 - Level 3.0 Stealth
 - Level 7.0 Unarmed Combat
 - Level 3.0 Spellcasting
 - Level 4.0 Transmutations
 * Level 0.8 Ice Magic
 - Level 1.0 Poison Magic


You had 2 spell levels left.
You knew the following spells:

 Your Spells              Type           Power      Damage    Failure   Level
c - Passwall              Tmut/Erth      6%         N/A       30%         2
e - Wereblood             Tmut           14%        N/A       17%         2
p - Spider Form           Tmut/Pois      9%         N/A       43%         3
q - Ice Form              Ice/Tmut       9%         N/A       78%         4

Your spell library contained the following spells:

 Spells                   Type           Power      Damage    Failure   Level
 Beastly Appendage        Tmut           28%        N/A       12%         1
 Sandblast                Erth           4%         2d4       41%         1
 Ignite Poison            Fire/Tmut/Pois 7%         N/A       52%         3
 Call Canine Familiar     Summ           2%         N/A       73%         3
 Conjure Flame            Conj/Fire      2%         6-21      73%         3
 Portal Projectile        Hex/Tloc       4%         N/A       73%         3
 Stone Arrow              Conj/Erth      4%         3d7       73%         3
 Leda's Liquefaction      Hex/Erth       1%         N/A       97%         4
 Sticky Flame             Conj/Fire      2%         2d3       97%         4
 Freezing Cloud           Conj/Ice/Air   1%         6-21      100%        5
 Simulacrum               Ice/Necr       1%         N/A       100%        6
 Polar Vortex             Ice            2%         N/A       100%        9


Dungeon Overview and Level Annotations

Branches:
Dungeon (7/15)             Temple (1/1) D:7          Bailey (1/1)

Altars:
Cheibriados
Elyvilon
Fedhas
Gozag
Hepliaklqana
Kikubaaqudgha
Makhleb
Okawaru
Qazlal
Ru
Sif Muna
Trog
Wu Jian
Yredelemnul
The Shining One

Shops:
D:2 =   D:7 (*


Innate Abilities, Weirdness & Mutations

You are a venomous arachnid creature.
You have poisonous fangs.
You are tiny and dextrous.
Your spellcasting is less reliable in this form.
Your armour is entirely melded.
You are incapable of wielding weapons or throwing items.
You are resistant to damage.
You can heal yourself by infusing magical energy.
You passively map a small area around you.
You do not regenerate.


Message History

Aim: an orc knight, wielding a +0 war axe and wearing a +0 ring mail (lightly wounded, 59% to hit)
You shoot an arrow. The arrow hits the orc knight!
The arrow freezes the orc knight.
The orc knight is lightly wounded.
Fire: 18 arrows
Press: ? - help, Q - select action, (/) - cycle Shift-Dir - straight line, f/p - orc knight
Aim: an orc knight, wielding a +0 war axe and wearing a +0 ring mail (lightly wounded, 59% to hit)
You shoot an arrow. The arrow barely misses the orc knight.
The orc knight roars a battlecry!
Fire: 17 arrows
Press: ? - help, Q - select action, (/) - cycle Shift-Dir - straight line, f/p - orc knight
Aim: an orc knight, wielding a +0 war axe and wearing a +0 ring mail (lightly wounded, 59% to hit)
You shoot an arrow. The arrow hits the orc knight!
The arrow freezes the orc knight.
The orc knight is moderately wounded.
Casting: Spider Form (dangerous; 26% risk of failure)
Confirm with . or Enter, or press ? or * to list all spells.
You turn into a venomous arachnid creature.
Your +1 shortbow of freezing melds into your body.
Your +2 leather armour of fire resistance melds into your body.
Your +1 shortbow of freezing stops glowing.
You feel less resistant to fire.
Okay, then.
Press: ? - help, v - describe, . - travel
Here: an orc knight, wielding a +0 war axe and wearing a +0 ring mail (moderately wounded)
The floor.
Unknown command.
You hit the orc knight.
The orc knight is poisoned.
The orc knight is moderately wounded.
The orc knight completely misses you.
You bite the orc knight!
The orc knight looks as sick as possible!
The orc knight is heavily wounded.
The orc knight hits you with a +0 war axe!!
* * * LOW HITPOINT WARNING * * *
You bite the orc knight!
The orc knight looks as sick as possible!
The orc knight is severely wounded.
The orc knight hits you with a +0 war axe!!
You die...

≈≈≈≈≈≈≈∩#gog!...#∩≈≈≈
...≈≈≈≈≈#########≈≈≈≈
* ......≈≈≈≈≈≈≈≈≈≈≈≈≈
........≈≈≈≈≈≈≈≈≈# *
###......(......#
####...(..∩..##
###.......##
####..o..## ####.os##
##...### ##.....##
##.......##
#.........#
#....∩....#
#.........#
##.......## ###...###


You could see an orc knight (extremely poisoned) and an orc warrior (strong).

Vanquished Creatures
  Eustachio (D:6)
  A sky beast (D:7)
  A necrophage (D:4)
  A centaur (D:5)
  A gnoll sergeant (D:7)
  3 scorpions
  A howler monkey (D:4)
  4 hounds
  A quasit (D:5)
  A gnoll shaman (D:4)
  An orc priest (D:4)
  A bullfrog skeleton (D:6)
  3 iguanas
  A killer bee zombie (D:7)
  A hound zombie (D:5)
  A howler monkey zombie (D:6)
  18 gnolls
  A howler monkey skeleton (D:6)
  4 adders
  2 ufetubi
  An adder skeleton (D:4)
  6 orcs
  9 ball pythons
  8 bats
  5 endoplasms
  4 giant cockroaches
  9 hobgoblins
  13 jackals
  12 kobolds
  6 quokkas
  2 frilled lizards
  8 goblins
  2 goblin skeletons (D:5)
  A goblin zombie (D:5)
  A hobgoblin zombie (D:5)
  A kobold skeleton (D:5)
  A kobold zombie (D:5)
  An orc skeleton (D:5)
  2 orc zombies (D:5)
  5 rats
145 creatures vanquished.

Vanquished Creatures (others)
  5 plants (D:7)
5 creatures vanquished.

Grand Total: 150 creatures vanquished

Notes
Turn   | Place    | Note
-------+----------+-------------------------------------------
     0 | D:1      | avis the Deep Dwarf Transmuter began the quest for the Orb.
     0 | D:1      | Reached XP level 1. HP: 16/16 MP: 3/3
    80 | D:1      | Reached skill level 3 in Unarmed Combat
   140 | D:1      | Reached XP level 2. HP: 13/24 MP: 4/4
   266 | D:1      | Found a faded altar of an unknown god.
  1066 | D:1      | Reached XP level 3. HP: 13/30 MP: 3/5
  1084 | D:1      | Learned a level 3 spell: Spider Form
  1092 | D:2      | Reached skill level 4 in Unarmed Combat
  1158 | D:2      | Reached XP level 4. HP: 7/37 MP: 1/6
  1978 | D:2      | Found Xuh Xaa's Jewellery Boutique.
  2220 | D:3      | Found the +7 Kryia's mail coat {PotionHeal*2 rC+}
  2509 | D:3      | Reached skill level 5 in Unarmed Combat
  2569 | D:3      | Reached skill level 1 in Fighting
  2967 | D:4      | Reached skill level 1 in Stealth
  2970 | D:4      | Reached XP level 5. HP: 43/44 MP: 3/7
  3479 | D:4      | Found an iron altar of Okawaru.
  3568 | D:4      | Found an ancient bone altar of Kikubaaqudgha.
  3873 | D:4      | Reached XP level 6. HP: 6/55 MP: 4/9
  4270 | D:4      | Reached skill level 1 in Poison Magic
  4276 | D:4      | Found an ornate altar of the Wu Jian Council.
  4588 | D:5      | Entered Level 5 of the Dungeon
  4668 | D:5      | Found a snail-covered altar of Cheibriados.
  4833 | D:5      | Found a glowing golden altar of the Shining One.
  4866 | D:5      | Reached XP level 7. HP: 31/62 MP: 5/9
  5424 | D:5      | Learned a level 4 spell: Ice Form
  5427 | D:5      | Learned a level 2 spell: Wereblood
  5605 | D:6      | Noticed a two-headed ogre
  5745 | D:6      | Noticed Eustachio
  5758 | D:6      | Killed Eustachio
  5759 | D:6      | Reached skill level 6 in Unarmed Combat
  5759 | D:6      | Reached XP level 8. HP: 32/72 MP: 7/10
  6174 | D:6      | Found an opulent altar of Gozag.
  6241 | D:6      | Learned a level 2 spell: Passwall
  6357 | D:7      | Found a staircase to the Ecumenical Temple.
  6374 | Temple   | Entered the Ecumenical Temple
  6397 | Temple   | Became a worshipper of Makhleb the Destroyer
  6515 | D:7      | Reached skill level 7 in Unarmed Combat
  6588 | D:7      | Found Teqech's Assorted Antiques.
  6636 | D:7      | Bought a scroll labelled MORAT FOVVODGH for 27 gold pieces
  6636 | D:7      | Bought a scroll labelled RIEPPATUNU for 27 gold pieces
  6669 | D:7      | Found Reow's Weapon Shop.
  6690 | D:7      | Found a flagged portal.
  6697 | Bailey   | Entered a bailey
  6770 | Bailey   | Noticed an orc knight
  6795 | Bailey   | Slain by an orc knight

Illustrated notes

Levels and vault maps discovered:
D:1:      minmay_arrival_solitary_statue, layout_loops_ring,
          hellmonk_ecumenical_altar_heavens_door, minmay_split_cup_small
D:2:      layout_loops_corners, serial_shops, shop,
          hangedman_abyss_or_decor_stabs
D:3:      layout_basic
D:4:      layout_basic, okawaru_altar_gauntlet_db, kiku_gazebo_pond_becter,
          mainiacjoe_overflow_concentric_impassable
D:5:      layout_rooms, nicolae_tso_besieged_by_evil, cheibriados_altar_1
D:6:      layout_rooms, lemuel_doored_altar, mrwooster_statue_mirror,
          minmay_misc_feat_rows, uniq_eustachio
D:7:      lemuel_ice_spiral_2, layout_basic, minmay_temple_entry_grid,
          enter_bailey_2, serial_shops, nicolae_shop_overgrown_old_shop,
          nicolae_shop_trees
Temple:   eino_wide_crystal_templ
Bailey:   bailey_axe_4, bailey

Skill      XL: |  1  2  3  4  5  6  7  8 |
---------------+-------------------------+-----
Unarmed Combat | 3 4 5 6 7 |  7.0
Fighting       | 1 2 3 4 |  4.0
Stealth        | 1 2 3 |  3.0
Transmutations | 2 3 4 |  4.0
Spellcasting   | 2 3 |  3.0
Dodging        | 3 |  3.0
Poison Magic   | 1 |  1.0
Ice Magic      | |  0.8

Action                   |  1- 3 |  4- 6 |  7- 9 || total
-------------------------+-------+-------+-------++-------
Melee: Unarmed           |    69 |   211 |   112 ||   392
       Kick              |    14 |    32 |     3 ||    49
       Headbutt          |     5 |    18 |     1 ||    24
       Punch             |     2 |     2 |     1 ||     5
       Shortbow          |       |       |     8 ||     8
 Fire: Shortbow          |       |       |    13 ||    13
 Cast: Beastly Appendage |    23 |    46 |     2 ||    71
       Spider Form       |     3 |    17 |    28 ||    48
       Passwall          |       |       |     2 ||     2
 Abil: Heal Wounds       |       |     3 |     7 ||    10
  Use: Scroll            |       |       |    14 ||    14
 Stab: Sleeping          |       |     3 |     5 ||     8
Armor: Robe              |    18 |    36 |     1 ||    55
       Skin              |     1 |    13 |    18 ||    32
       Leather armour    |       |       |     4 ||     4
Dodge: Dodged            |    31 |   158 |   114 ||   303

Table legend: (Time is in decaauts)
 A = Elapsed time spent in this place.
 B = Non-inter-level travel time spent in this place.
 C = Inter-level travel time spent in this place.
 D = Time resting spent in this place.
 E = Time spent auto-exploring this place.
 F = Levels seen in this place.
 G = Mean time per level.
                   A        B        C        D        E       F      G
               +--------+--------+--------+--------+--------+-----+--------+
         Total |   6790 |   6101 |    689 |    767 |   3149 |   9 |  754.4 |
       Dungeon |   6640 |   5951 |    689 |    723 |   3136 |   7 |  948.6 |
        Temple |     49 |     49 |      0 |      0 |     13 |   1 |   49.0 |
        Bailey |    100 |    100 |      0 |     44 |      0 |   1 |  100.0 |
               +--------+--------+--------+--------+--------+-----+--------+

Top non-repeatable levels by time:
     D:4: 1432 daAuts
     D:2: 1109 daAuts
     D:3: 1089 daAuts
     D:1: 1063 daAuts
     D:5: 1034 daAuts
     D:6: 626 daAuts
     D:7: 285 daAuts
  Bailey: 100 daAuts
  Temple: 49 daAuts
